 Dungeon Crawl Stone Soup version 0.17-a0-1793-gcbb3aa1 (webtiles) character file.

80 Geeful the Vexing (level 4, 0/30 HPs)
             Began as a Vampire Enchanter on Sept 9, 2015.
             Succumbed to an adder's poison
             ... on level 2 of the Dungeon.
             The game lasted 00:06:34 (1479 turns).

Geeful the Vexing (Vampire Enchanter)               Turns: 1479, Time: 00:06:34

Health: 0/30       AC:  5    Str:  8    XL:     4   Next: 18%
Magic:  0/8        EV: 10    Int: 20    God:
Gold:   87         SH:  0    Dex: 14    Spells: 3 memorised, 2 levels left

rFire  . . .     SeeInvis +     e - +1 short sword (speed)
rCold  . . .     Clarity  .     f - +0 ring mail
rNeg   . . .     SustAt   .     (no shield)
rPois  .         Gourm    .     (no helmet)
rElec  .         Spirit   .     (no cloak)
rCorr  .         Warding  .     (no gloves)
rMut   .         Stasis   .     (no boots)
MR     .....                    (no amulet)
Stlth  ++........               (no ring)
                                k - +3 ring of intelligence

@: lethally poisoned (0 -> -2), very slightly contaminated, regenerating
quickly, not resistant to hostile enchantments, unstealthy
A: fangs 3, see invisible, unbreathing
a: no special abilities


You were on level 2 of the Dungeon.
You were very full.

You visited 1 branch of the dungeon, and saw 2 of its levels.

You collected 87 gold pieces.

Inventory:

Hand weapons
 a - a +1 dagger
 e - a +1 short sword of speed (weapon)
Armour
 b - a +1 robe
 f - a +0 ring mail (worn)
Jewellery
 k - a +3 ring of intelligence (left hand)
Scrolls
 h - a scroll of fear {unknown}
 i - a scroll of remove curse {unknown}
Potions
 d - 9 potions of blood
Books
 c - a book of Maledictions

   Spells                             Type                      Level
   a - Corona                         Hexes                        1
   b - Ensorcelled Hibernation        Hexes/Ice                    2
   c - Confuse                        Hexes                        3
   d - Tukima's Dance                 Hexes                        3
   e - Dazzling Spray                 Conjuration/Hexes            3


   Skills:
 - Level 1.1 Short Blades
 - Level 2.1 Dodging
 - Level 4.4 Stealth
 + Level 3.0 Spellcasting
 * Level 6.3 Hexes


You had 2 spell levels left.
You knew the following spells:

 Your Spells              Type           Power        Failure   Level  Hunger
a - Corona                Hex            ####...      3%          1    None
b - Confuse               Hex            ####....     12%         3    ###....
c - Tukima's Dance        Hex            ####....     12%         3    ###....


Dungeon Overview and Level Annotations

Branches:
Dungeon (2/15)

Altars:


Innate Abilities, Weirdness & Mutations

Your natural rate of healing is unusually fast.
You have razor-sharp teeth.
You have supernaturally acute eyesight.
You can survive without breathing.


Message History

The adder barely misses you.
Casting: Confuse
Confirm with . or Enter, or press ? or * to list all spells.
Aiming: Confuse
Press: ? - help, Shift-Dir - straight line, f - adder
Aim: an adder (moderately wounded, poisoned, chance to defeat MR: 66%)
The adder struggles to resist.
The adder bites you.
* * * LOW HITPOINT WARNING * * *
You are lethally poisoned!
The adder poisons you!
The hobgoblin hits you from afar with a spear.
* * * LOW HITPOINT WARNING * * *
Drink which item? (? for menu, Esc to quit)
Okay, then.
* * * LOW HITPOINT WARNING * * *
You feel sick.
The adder looks more healthy.
The adder barely misses you.
* * * LOW HITPOINT WARNING * * *
You feel sick.
You die...

############. .
#..............
#..............
#..............
##########..............
........................
.......................>
.......@................
#########S..............
#.g...)....).##'
#.#........)÷)..
#.##.###########
########.##†#
.........##.##########
#...#.#.#.#.#........#
...(.................+


You could see an adder and a hobgoblin.

Vanquished Creatures
  3 gnolls (D:2)
  3 adders (D:2)
  A giant gecko (D:1)
  4 bats
  2 giant cockroaches (D:1)
  2 hobgoblins
  3 kobolds (D:1)
  2 giant newts (D:1)
  A goblin (D:1)
  4 jackals (D:1)
  14 rats (D:1)
39 creatures vanquished.

Vanquished Creatures (collateral kills)
  A goblin (D:2)
1 creature vanquished.

Grand Total: 40 creatures vanquished

Notes
Turn   | Place    | Note
--------------------------------------------------------------
     0 | D:1      | Geeful the Vampire Enchanter began the quest for the Orb.
     0 | D:1      | Reached XP level 1. HP: 13/13 MP: 3/3
   490 | D:1      | Reached XP level 2. HP: 19/19 MP: 5/5
   598 | D:1      | Reached skill level 5 in Hexes
  1070 | D:1      | Reached XP level 3. HP: 24/24 MP: 7/7
  1075 | D:1      | Learned a level 3 spell: Confuse
  1079 | D:1      | Learned a level 3 spell: Tukima's Dance
  1292 | D:2      | Reached skill level 6 in Hexes
  1439 | D:2      | Reached XP level 4. HP: 21/30 MP: 8/8
  1475 | D:2      | HP: 1/30 [poisoned by an adder]
  1479 | D:2      | Succumbed to an adder's poison

Vault maps used:
D:1:      erik_arrival_orb_chamber, roderic_bipointed_swastika,
          minmay_misc_feat_five
D:2:      first_bread, st_stairs_4

Action                   |  1- 3 |  4- 6 || total
-------------------------+-------+-------++-------
Melee: Short sword       |   116 |    12 ||   128
       Dagger            |     7 |       ||     7
 Cast: Corona            |     1 |       ||     1
       Tukima's Dance    |     3 |       ||     3
       Confuse           |       |     2 ||     2
  Use: Scroll            |     1 |       ||     1
       Potion            |     5 |       ||     5
 Stab: Sleeping          |     6 |       ||     6
       Confused          |       |     1 ||     1
  Eat: Corpse            |     8 |       ||     8
